 Dungeon Crawl Stone Soup version 0.30-a0-757-ga6a79fd877 (webtiles) character file.

Game seed: 16455455576032524070

1 dolemite99 the Caller (level 1, 0/13 HPs)
             Began as a Demonspawn Summoner on Feb 10, 2023.
             Slain by a kobold
             ... wielding a +0 club
              (3 damage)
             ... on level 1 of the Dungeon.
             The game lasted 00:00:34 (133 turns).

dolemite99 the Caller (Demonspawn Summoner)          Turns: 133, Time: 00:00:34

Health: 0/13       AC:  2    Str:  8    XL:     1   Next: 16%
Magic:  1/3        EV: 12    Int: 16    God:
Gold:   0          SH:  0    Dex: 13    Spells: 3/4 levels left

rFire   . . .      SeeInvis .    (no weapon)
rCold   . . .      Faith    .    (no shield)
rNeg    . . .      Spirit   .    a - +0 robe
rPois   .          Reflect  .    (no helmet)
rElec   .          Harm     .    (no cloak)
rCorr   .          Rampage  .    (no gloves)
Will    .....                    (no boots)
Stlth   ++                       (no amulet)
HPRegen 0.22/turn                (no ring)
MPRegen 0.08/turn                (no ring)

@: no status effects
A: no striking features
a: no special abilities


You were on level 1 of the Dungeon.
You visited 1 branch of the dungeon, and saw 1 of its levels.

Inventory:

Armour
 a - a +0 robe (worn)
Scrolls
 c - 3 scrolls of enchant armour {unknown}
Potions
 b - a potion of magic


   Skills:
 - Level 1.7 Dodging
 - Level 1.7 Stealth
 - Level 2.0 Spellcasting
 + Level 4.0 Summonings


You had 3 spell levels left.
You knew the following spells:

 Your Spells              Type           Power      Damage    Failure   Level
a - Summon Small Mammal   Summ           56%        N/A       4%          1

Your spell library contained the following spells:

 Spells                   Type           Power      Damage    Failure   Level
 Call Imp                 Summ           14%        N/A       6%          2
 Call Canine Familiar     Summ           14%        N/A       12%         3
 Summon Guardian Golem    Hex/Summ       8%         N/A       26%         3
 Summon Lightning Spire   Summ/Air       8%         N/A       65%         4


Dungeon Overview and Level Annotations

Branches:
Dungeon (1/15)

Altars:


Message History

c - 3 scrolls labelled DAVEIC TEUSM
There are no items here.
You enter the shallow water.
Moving in this stuff is going to be slow.
A ball python comes into view.
A kobold comes into view. It is wielding a +0 club.
Casting: Summon Small Mammal (safe; 4% risk of failure)
Confirm with . or Enter, or press ? or * to list all spells.
Casting: Summon Small Mammal (safe; 4% risk of failure)
Confirm with . or Enter, or press ? or * to list all spells.
You swap places.
The ball python hisses angrily.
The kobold shouts!
The ball python bites you. The ball python grabs you.
The ball python constricts you.
You escape the ball python's grasp.
Your rat bites the ball python.
Casting: Summon Small Mammal (safe; 4% risk of failure)
Confirm with . or Enter, or press ? or * to list all spells.
Your rat disappears in a puff of smoke!
The ball python closely misses you. x2
Your bat hits the ball python. The ball python bites you.
The ball python grabs you. The ball python constricts you.
Your rat closely misses the ball python.
Your bat hits the kobold but does no damage.
You escape the ball python's grasp.
The kobold hits you with a +0 club.
Your bat hits the kobold but does no damage.
The ball python barely misses you. The ball python grabs you.
The ball python constricts you. The kobold hits you with a +0 club.
Your rat bites the ball python.
The ball python dies!
Your bat closely misses the kobold. x2
Casting: Summon Small Mammal (safe; 4% risk of failure)
Confirm with . or Enter, or press ? or * to list all spells.
Your bat disappears in a puff of smoke!
The kobold hits you with a +0 club.
* * * LOW HITPOINT WARNING * * *
Your rat bites the kobold.
The kobold barely misses you.
Your rat barely misses the kobold. x2
The kobold hits you with a +0 club.
You die...

.♣♣♣♣♣ ♣..## ♣♣ ♣♣..#
~♣♣♣ ♣♣♣.##
≈~≈♣♣♣♣♣♣..##
♣~♣♣♣.....##
♣♣.....### ♣♣.....#
♣♣....###############
...........##...@...#
♣...........+.rK....#
..###......##†r.....#
##
#......##..........
#.#####.............
.... +.............
###.# #...#####.....
#.# #...# ..... ..#
#...# ##


You could see a kobold (ally target) and 2 friendly rats.

Vanquished Creatures (collateral kills)
  A ball python (D:1)
1 creature vanquished.

Notes
Turn   | Place    | Note
-------+----------+-------------------------------------------
     0 | D:1      | dolemite99 the Demonspawn Summoner began the quest for the
                  | Orb.
     0 | D:1      | Reached XP level 1. HP: 13/13 MP: 3/3
   133 | D:1      | Slain by a kobold

Illustrated notes

Levels and vault maps discovered:
D:1:      kilobyte_arrival_exit_the_forest, layout_basic

Action                     || total
---------------------------++-------
   Cast: Summon Small Mamm ||     4
  Dodge: Dodged            ||     4

Table legend: (Time is in decaauts)
 A = Elapsed time spent in this place.
 B = Non-inter-level travel time spent in this place.
 C = Inter-level travel time spent in this place.
 D = Time resting spent in this place.
 E = Time spent auto-exploring this place.
 F = Levels seen in this place.
 G = Mean time per level.
                   A        B        C        D        E       F      G
               +--------+--------+--------+--------+--------+-----+--------+
         Total |    134 |    134 |      0 |      0 |     94 |   1 |  134.0 |
       Dungeon |    134 |    134 |      0 |      0 |     94 |   1 |  134.0 |
               +--------+--------+--------+--------+--------+-----+--------+

Top non-repeatable levels by time:
     D:1: 134 daAuts
